AoeStats
← Jim_Raynor

Nomad

510638940Analyzed
3v3 RM · 24h ago on Oct 1, 2026· 39m 39s· 6 players
Game mode
Random Map
Map size
210×210
Population
200
Speed
Normal
Resources
Standard
Victory
Conquest
Starting age
Dark Age
Ending age
Imperial Age
RankedLock teamsTeams togetherTeam positionsShared explorationLock speedFull tech treeHidden civsTurbo modeCheats
Victory
Defeat
🇺🇸 Varangians · United States
1411
+10
🇪🇸 Huns · Spain
1187
+19
🇦🇺 Persians · Australia
1149
+19
🇲🇽 Huns · Mexico
1300
-18
🇩🇰 Varangians · Denmark
1296
-18
🇦🇷 Turks · Argentina
1162
-12
[TUC] P E L U S A
2:54 Loom
13:23 Feudal Age
13:56 Double-Bit Axe
17:30 Castle Age
15:40 Stone Mining
17:07 Town Watch
18:49 Bow Saw
26:49 Horse Collar
29:45 Wheelbarrow
29:44 Heavy Plow
34:40 Imperial Age
33:15 Hand Cart
35:10 Fletching
35:21 Padded Archer Armor
35:27 Scale Barding Armor
36:22 Conscription
35:22 Vendel Legacy
36:33 Gothikon
38:32 Crop Rotation
39:08 Bloodlines
38:59 Husbandry
neto_leo15
3:31 Loom
14:54 Feudal Age
20:41 Castle Age
25:42 Horse Collar
27:26 Heavy Plow
27:25 Double-Bit Axe
27:34 Gold Mining
28:44 Bow Saw
34:15 Forging
34:10 Scale Barding Armor
38:38 Fletching
Jim_Raynor
9:31 Loom
13:23 Feudal Age
17:19 Town Watch
21:01 Castle Age
20:53 Fletching
22:11 Medium Warships
23:16 Wheelbarrow
22:57 Double-Bit Axe
29:37 Hand Cart
30:19 Bow Saw
30:53 Bodkin Arrow
31:36 Horse Collar
32:42 Husbandry
35:01 Padded Archer Armor
35:17 Thumb Ring
35:25 Bloodlines
37:39 Ballistics
40:33 Imperial Age
Tishomingo
4:32 Loom
14:02 Feudal Age
14:33 Double-Bit Axe
20:36 Castle Age
18:36 Fishing Lines
21:33 Scale Barding Armor
21:41 Bow Saw
23:32 Forging
27:35 Wheelbarrow
35:40 Horse Collar
37:12 Bloodlines
41:57 Imperial Age
El Boss
4:22 Loom
15:58 Feudal Age
16:29 Double-Bit Axe
16:27 Fishing Lines
16:41 Gold Mining
21:04 Castle Age
19:50 Fletching
20:11 Forging
20:06 Scale Barding Armor
22:22 Bow Saw
22:50 Gold Shaft Mining
25:03 Imperial Age
22:31 Stone Mining
22:41 Gillnets
23:31 Fletching
23:51 Forging
23:47 Scale Barding Armor
26:50 Two-Man Saw
26:46 Chain Barding Armor
27:02 Iron Casting
26:40 Horse Collar
28:08 Murder Holes
28:23 Masonry
28:52 Plate Barding Armor
29:23 Wheelbarrow
28:36 Town Watch
29:07 Heavy Plow
29:24 Town Patrol
31:01 Blast Furnace
30:52 Hand Cart
31:24 Conscription
31:27 Husbandry
31:37 Marauders
31:51 Bloodlines
36:08 Elite Tarkan
37:29 Ballistics
38:09 Chemistry
StandingTall
5:10 Loom
13:54 Feudal Age
16:07 Gold Mining
25:34 Double-Bit Axe
26:47 Stone Mining
29:50 Castle Age
27:41 Horse Collar
29:38 Fishing Lines
31:19 Wheelbarrow
31:57 Medium Warships
31:29 Fishing Lines
33:59 Stone Shaft Mining
34:29 Fletching
35:22 Bow Saw
35:50 Gold Shaft Mining
36:46 Hand Cart
38:13 Gillnets
Connection lost

Rejoining the realm…

Still unreachable

The connection could not be restored.

Session expired

The server has moved on; the page needs a fresh start.